 Dungeon Crawl Stone Soup version 0.21.1-1-g345015f (webtiles) character file.

24 shakethe the Grasshopper (level 3, -2/27 HPs)
             Began as a Formicid Warper on Feb 7, 2018.
             Slain by an adder (5 damage)
             ... on level 2 of the Dungeon.
             The game lasted 00:01:40 (845 turns).

shakethe the Grasshopper (Formicid Warper)           Turns: 845, Time: 00:01:41

Health: -2/27      AC:  3    Str: 15    XL:     3   Next: 15%
Magic:  4/6        EV: 11    Int: 12    God:
Gold:   93         SH:  0    Dex: 11    Spells: 5/7 levels left

rFire    . . .     SeeInvis +   a - +0 hand axe
rCold    . . .     Gourm    .   (no shield)
rNeg     . . .     Faith    .   b - +0 leather armour
rPois    .         Spirit   .   (helmet unavailable)
rElec    .         Reflect  .   (no cloak)
rCorr    .         Harm     .   (no gloves)
MR       .....                  (no boots)
Stlth    +.........             (no amulet)
HPRegen  0.09/turn              (no ring)
MPRegen  0.10/turn              (no ring)

@: no status effects
A: permanent stasis, dig shafts and tunnels, four strong arms, antennae 3
a: Dig, Shaft Self


You were on level 2 of the Dungeon.
You were not hungry.

You visited 1 branch of the dungeon, and saw 2 of its levels.

You collected 93 gold pieces.

Inventory:

Hand Weapons
 a - a +0 hand axe (weapon)
Missiles
 e - 5 tomahawks of dispersal (quivered)
Armour
 b - a +0 leather armour (worn)
Scrolls
 d - 2 scrolls of blinking
 g - 2 scrolls of noise {unknown}
 h - a scroll of fear {unknown}
 i - a scroll of enchant armour {unknown}
 k - a scroll of immolation {unknown}
 m - a scroll of identify {unknown}
Potions
 j - a potion of berserk rage {unknown}
 l - a potion of resistance {unknown}
Books
 c - a book of Spatial Translocations

   Spells                             Type                      Level
   a - Blink                          Translocation                2
   b - Shroud of Golubria             Charms/Translocation         2
   c - Lesser Beckoning               Translocation                3
   d - Gell's Gravitas                Translocation                3
   e - Teleport Other                 Translocation                3
   f - Passage of Golubria            Translocation                4
Comestibles
 f - a ration


   Skills:
 - Level 2.1 Fighting
 * Level 2.8 Axes
 - Level 1.0 Throwing
 - Level 1.1 Armour
 - Level 1.7 Dodging
 + Level 2.6 Spellcasting
 + Level 2.8 Translocations


You had 5 spell levels left.
You knew the following spells:

 Your Spells              Type           Power        Failure   Level  Hunger
a - Shroud of Golubria    Chrm/Tloc      #.........   26%         2    ###....


Dungeon Overview and Level Annotations

Branches:
Dungeon (2/15)

Altars:


Innate Abilities, Weirdness & Mutations

You cannot be hasted, slowed, berserked, paralysed or teleported.
You can dig through walls and to a lower floor.
Your four strong arms can wield two-handed weapons with a shield.
You have a pair of large antennae on your head. (SInv)


Message History

Your shroud bends the adder's attack away.
You miss the adder. The adder barely misses you.
The adder bites you but does no damage.
You slash the adder!
The adder is severely wounded.
The adder bites you but does no damage.
You barely miss the adder.
The adder is severely wounded.
The adder bites you.
* * * LOW HITPOINT WARNING * * *
Your shroud falls apart!
The adder closely misses you.
You closely miss the adder.
The adder is severely wounded.
The adder bites you.
* * * LOW HITPOINT WARNING * * *
You miss the adder.
The adder is severely wounded.
The adder bites you.
You die...

#
#.#.##############
#..)...##.........
#...........#######
#........#.........
#.......#_#(#######
#...#.###..#.(.####
#####.# #.......).#
......#.#.#...#
##....##.#@#...#
... #.#S#...# . #
#.# ..# ... <.# ...
## ..... ##.## ...


You could see an adder.

Vanquished Creatures
  2 leopard geckos (D:1)
  A bat (D:1)
  A giant cockroach (D:1)
  3 goblins (D:1)
  2 hobgoblins (D:1)
  2 ball pythons
  2 frilled lizards (D:1)
  4 kobolds
  5 rats (D:1)
22 creatures vanquished.

Notes
Turn   | Place    | Note
-------+----------+-------------------------------------------
     0 | D:1      | shakethe the Formicid Warper began the quest for the Orb.
     0 | D:1      | Reached XP level 1. HP: 16/16 MP: 3/3
    46 | D:1      | Reached XP level 2. HP: 21/22 MP: 5/5
    78 | D:1      | Learned a level 2 spell: Shroud of Golubria
   200 | D:1      | HP: 1/22 [rat (1)]
   742 | D:1      | Reached XP level 3. HP: 26/27 MP: 6/6
   811 | D:2      | Found a faded altar of an unknown god.
   845 | D:2      | Slain by an adder

Action                   || total
-------------------------++-------
Melee: Hand axe          ||    92
 Cast: Shroud of Golubri ||     1
Armor: Leather armour    ||    26
Dodge: Dodged            ||    47
